 Dungeon Crawl Stone Soup version 0.18.1-50-g88ac8fd (webtiles) character file.

332 fhcty the Covered (level 6, -3/39 HPs)
             Began as a Gargoyle Fighter on Oct 25, 2016.
             Slain by manyhoops's ghost (6 damage)
             ... on level 4 of the Dungeon.
             The game lasted 00:07:27 (2338 turns).

fhcty the Covered (Gargoyle Fighter)                Turns: 2338, Time: 00:07:28

Health: -3/39      AC: 13    Str: 26    XL:     6   Next: 52%
Magic:  6/6        EV:  7    Int:  9    God:
Gold:   122        SH: 10    Dex:  9    Spells: 0 memorised, 5 levels left

rFire  . . .     SeeInvis .     a - +0 war axe
rCold  . . .     Gourm    .     b - +0 scale mail
rNeg   + . .     Faith    .     c - +0 shield
rPois  ∞         Spirit   .     (no helmet)
rElec  +         Dismiss  .     g - +0 cloak
rCorr  .         Reflect  .     (no gloves)
SustAt .         Harm     .     (no boots)
MR     .....                    (no amulet)
Stlth  ..........               (no ring)
                                (no ring)

@: mighty, not resistant to hostile enchantments, extremely unstealthy
A: negative energy resistance 1, electricity resistance, unbreathing,
petrification resistance, rot immunity, AC +4
a: no special abilities


You were on level 4 of the Dungeon.
You were not hungry.

You visited 1 branch of the dungeon, and saw 4 of its levels.

You collected 122 gold pieces.

Inventory:

Hand Weapons
 a - a +0 war axe (weapon)
Armour
 b - a +0 scale mail (worn)
 c - a +0 shield (worn)
 g - a +0 cloak (worn)
Jewellery
 n - an uncursed amulet of dismissal {unknown}
Scrolls
 e - a scroll of identify
 h - 2 scrolls of remove curse
 i - a scroll of immolation {unknown}
 j - a scroll of fear {unknown}
 k - 2 scrolls of teleportation {unknown}
 p - 2 scrolls of enchant weapon {unknown}
 q - 3 scrolls of recharging {unknown}
 u - a scroll of magic mapping {unknown}
Potions
 l - 2 potions of cancellation
 m - a potion of lignification {unknown}
 r - a potion of berserk rage {unknown}
 t - a potion of agility {unknown}
 v - 2 potions of ambrosia {unknown}
Comestibles
 f - 3 bread rations
 o - 3 meat rations
 s - 2 chunks of flesh
 w - a fruit


   Skills:
 + Level 4.7 Fighting
 + Level 3.4 Axes
 + Level 5.1 Armour
 + Level 4.4 Shields


You had 5 spell levels left.
You didn't know any spells.

Dungeon Overview and Level Annotations

Branches:
Dungeon (4/15)
 Temple: D:4-7

Altars:
Ashenzari
Trog
Zin

Annotations:
D:4 manyhoops's ghost, novice OgHu


Innate Abilities, Weirdness & Mutations

You are resistant to torment.
Your stone body is resilient (AC +4).
You are immune to poison.
You resist negative energy.
You are resistant to electric shocks.
You can survive without breathing.
You are immune to petrification.
You are immune to rotting.


Message History

The phantom hits you. x2
You hit the phantom.
The phantom is almost destroyed.
The phantom barely misses you.
You closely miss the phantom.
The phantom is almost destroyed.
You block the phantom's attack. x2
You hit the phantom.
You destroy the phantom!
Your Armour skill increases to level 5!
Manyhoops's ghost hits you but does no damage.
You miss manyhoops's ghost.
Manyhoops's ghost deftly throws insults at you.
You block manyhoops's ghost's attack.
You miss manyhoops's ghost. Manyhoops's ghost hits you!
* * * LOW HITPOINT WARNING * * *
You barely miss manyhoops's ghost. Manyhoops's ghost hits you.
* * * LOW HITPOINT WARNING * * *
Manyhoops's ghost hits you.
You die...

...#........#.. .# ..
..............### ... ._
...........#...## #... ..
#............... #...##.
............... #......
####............ #......
#...............
#....$.#####.###..........#
#...W@..# ##...##...##
######### ##########


You could see manyhoops's ghost.

Vanquished Creatures
  A phantom (D:4)
  A howler monkey (D:4)
  An orc wizard (D:3)
  A hound (D:4)
  An iguana (D:4)
  A gnoll (D:1)
  3 adders
  2 oozes
  2 worms (D:2)
  A dart slug (D:2)
  3 giant geckos
  3 orcs
  6 bats
  3 giant cockroaches (D:2)
  4 goblins
  5 hobgoblins
  12 jackals
  4 kobolds
  A quokka (D:2)
  A ball python (D:3)
  5 giant newts
  4 rats (D:2)
65 creatures vanquished.

Notes
Turn   | Place    | Note
--------------------------------------------------------------
     0 | D:1      | fhcty the Gargoyle Fighter began the quest for the Orb.
     0 | D:1      | Reached XP level 1. HP: 14/14 MP: 1/1
    39 | D:1      | Reached XP level 2. HP: 11/19 MP: 2/2
    95 | D:1      | You fall through a shaft!
   309 | D:2      | Reached XP level 3. HP: 23/23 MP: 3/3
   483 | D:2      | Found a bloodstained altar of Trog.
   538 | D:2      | Reached skill level 4 in Armour
   538 | D:2      | Reached XP level 4. HP: 29/29 MP: 4/4
  1204 | D:3      | Found a glowing silver altar of Zin.
  1652 | D:3      | Reached XP level 5. HP: 32/33 MP: 5/5
  2068 | D:4      | Reached XP level 6. HP: 29/39 MP: 6/6
  2310 | D:4      | Noticed a phantom
  2321 | D:4      | Noticed manyhoops's ghost (novice OgHu)
  2322 | D:4      | Found a shattered altar of Ashenzari.
  2335 | D:4      | Killed a phantom
  2335 | D:4      | Reached skill level 5 in Armour
  2338 | D:4      | Slain by manyhoops's ghost

Skill      XL: |  1  2  3  4  5  6 |
---------------+-------------------+-----
Axes           | 2 3 |  3.4
Armour         | 4 5 |  5.1
Fighting       | 4 |  4.7
Shields        | 4 |  4.4

Action                   |  1- 3 |  4- 6 || total
-------------------------+-------+-------++-------
Melee: War axe           |   136 |   148 ||   284
  Use: Scroll            |       |     2 ||     2
       Potion            |       |     1 ||     1
  Eat: Chunk             |       |     5 ||     5
Armor: Scale mail        |    97 |   104 ||   201
Dodge: Dodged            |    52 |    63 ||   115
Block: Shield            |    81 |    78 ||   159
